 Dungeon Crawl Stone Soup version 0.23.2-40-g277498a001 (webtiles) character file.

Game seed: 2348775803128860946

74 Amplified the Charmwright (level 3, -8/29 HPs)
             Began as a Demigod Skald on Oct 16, 2019.
             Killed themself with a badly aimed fireball (13 damage)
             ... on level 6 of the Dungeon.
             The game lasted 00:03:30 (1473 turns).

Amplified the Charmwright (Demigod Skald)           Turns: 1473, Time: 00:03:31

Health: -8/29      AC:  3    Str: 16    XL:     3   Next: 86%
Magic:  9/9        EV: 12    Int: 17    God:
Gold:   120        SH:  0    Dex: 15    Spells: 0/6 levels left

rFire    . . .     SeeInvis .   a - +1 mace
rCold    . . .     Gourm    .   (no shield)
rNeg     . . .     Faith    .   b - +0 leather armour
rPois    .         Spirit   .   (no helmet)
rElec    .         Reflect  .   (no cloak)
rCorr    +         Harm     .   (no gloves)
MR       .....                  (no boots)
Stlth    +.........             (no amulet)
HPRegen  0.09/turn              f - ring of resist corrosion
MPRegen  0.11/turn              (no ring)

@: no status effects
A: high mp 1
a: no special abilities


You were on level 6 of the Dungeon.
You were not hungry.

You visited 2 branches of the dungeon, and saw 7 of its levels.

You collected 120 gold pieces.

Inventory:

Hand Weapons
 a - a +1 mace (weapon)
Armour
 b - a +0 leather armour (worn)
Jewellery
 c - a +4 amulet of reflection {unknown}
 f - a ring of resist corrosion (left hand)
Wands
 h - a wand of random effects (17)
Scrolls
 e - a scroll of remove curse
Comestibles
 d - 3 rations


   Skills:
 * Level 2.1 Fighting
 * Level 2.3 Maces & Flails
 * Level 1.5 Armour
 * Level 2.2 Dodging
 * Level 2.2 Spellcasting
 * Level 3.1 Charms


You couldn't memorise any spells.
You knew the following spells:

 Your Spells              Type           Power        Failure   Level  Hunger
a - Infusion              Chrm           ##..         6%          1    #......
b - Song of Slaying       Chrm           ##......     10%         2    ###....
c - Spectral Weapon       Hex/Chrm       #.......     36%         3    ###....

Your spell library contained the following spells:

 Spells                   Type           Power        Failure   Level  Hunger
 Shroud of Golubria       Chrm/Tloc      #.........   19%         2    ###....
 Regeneration             Chrm/Necr      #.........   36%         3    ###....


Dungeon Overview and Level Annotations

Branches:
Dungeon (7/15)             Temple (1/1) D:5

Annotations:
D:5 Prince Ribbit


Innate Abilities, Weirdness & Mutations

You have an increased reservoir of magic. (+10% MP)


Message History

You climb downwards.
A wyvern and 2 orc wizards come into view.
The orc wizard shouts!
You hear a howl!
Found a buckler, a ration and a scroll labeled HEMOWYRIF.
There is a stone staircase leading up here.
Unknown command.
Unknown command.
You climb upwards.
There is a stone staircase leading down here.
Unknown command.
Unknown command.
Unknown command.
Evoke which item? (* to show all) (? for menu, Esc to quit)
Aiming: Random Effects
Press: ? - help, Shift-Dir - straight line, f - adder
Aim: an adder (severely wounded, fast)
The fireball explodes!
The fireball engulfs the adder!
You kill the adder!
The fireball engulfs you!
You die...

##.....#*,* *,*
#......#*.# *,*
#......#*.# *,*
#...<#.##.####*****,**
#.............,,,,,,,*
#....#....########****
######..#####....#
.^......#.....##.#
######.##.##..##@#
WS....S.[....>##.#
######.##.#..###.#
#.....##.#..#*#.#
##.######......#.#
.......##...##.#.#
##.###.###..#*.#.#
(..###.# #...#,#.#
.......####..#,*,*


There were no monsters in sight!

Vanquished Creatures
  3 adders
  4 oozes
  A leopard gecko (D:1)
  2 bats
  A giant cockroach (D:1)
  3 goblins
  2 hobgoblins (D:1)
  8 kobolds
  2 frilled lizards (D:1)
  5 rats (D:1)
31 creatures vanquished.

Vanquished Creatures (others)
  A spectral weapon (D:6)
1 creature vanquished.

Grand Total: 32 creatures vanquished

Notes
Turn   | Place    | Note
-------+----------+-------------------------------------------
     0 | D:1      | Amplified the Demigod Skald began the quest for the Orb.
     0 | D:1      | Reached XP level 1. HP: 17/17 MP: 5/5
    55 | D:1      | Reached skill level 1 in Armour
   406 | D:1      | Reached XP level 2. HP: 24/24 MP: 7/7
   657 | D:1      | Learned a level 2 spell: Song of Slaying
   702 | D:1      | Reached XP level 3. HP: 29/29 MP: 5/8
   878 | D:2      | Reached skill level 3 in Charms
  1066 | D:2      | Noticed a phantom
  1121 | D:3      | Learned a level 3 spell: Spectral Weapon
  1133 | D:3      | You fall through a shaft for 3 floors!
  1165 | D:6      | Noticed a phantom
  1176 | D:5      | Entered Level 5 of the Dungeon
  1186 | D:5      | Found a staircase to the Ecumenical Temple.
  1206 | Temple   | Entered the Ecumenical Temple
  1361 | D:5      | Noticed Prince Ribbit
  1417 | D:6      | HP: 1/29 [phantom (4)]
  1423 | D:6      | HP: 1/29 [adder (1)]
  1464 | D:7      | Noticed a wyvern
  1473 | D:6      | Killed themself with a badly aimed fireball

Skill      XL: |  1  2  3 |
---------------+----------+-----
Armour         | 1 |  1.5
Maces & Flails | 2 |  2.3
Dodging        | 2 |  2.2
Spellcasting   | 2 |  2.2
Fighting       | 2 |  2.1
Charms         | 3 |  3.1

Action                   || total
-------------------------++-------
Melee: Mace              ||    81
 Cast: Infusion          ||     6
       Spectral Weapon   ||     1
Evoke: Wand              ||     4
  Use: Scroll            ||     8
       Potion            ||     1
 Stab: Sleeping          ||     1
  Eat: Ration            ||     1
       Chunk             ||     1
Armor: Leather armour    ||    17
Dodge: Dodged            ||    56
